 Dungeon Crawl Stone Soup version 0.26-a0-597-gb535b0901c (webtiles) character file.

Game seed: 1853955962574678160

(classic levelgen) 22962 EnegeticOcto the Cleaver (level 12, -3/112 HPs)
             Began as a Deep Dwarf Fighter on Sept 8, 2020.
             Was a High Priest of Makhleb.
             Slain by a titanic slime creature (77 damage)
             ... on level 12 of the Dungeon.
             The game lasted 00:07:24 (7270 turns).

EnegeticOcto the Cleaver (Deep Dwarf Fighter)       Turns: 7270, Time: 00:07:25

Health: -3/112     AC: 29    Str: 24    XL:     12   Next: 67%
Magic:  11/11      EV:  4    Int: 10    God:    Makhleb [*****.]
Gold:   727        SH: 13    Dex: 12    Spells: 11/11 levels left

rFire    . . .     SeeInvis .   E - +6 broad axe of Somewhere Else {venom, rN+}
rCold    . . .     Faith    .   c - +0 kite shield
rNeg     + . .     Spirit   .   f - +2 crystal plate armour
rPois    .         Reflect  .   j - +2 helmet
rElec    .         Harm     .   K - +0 cloak
rCorr    .                      (no gloves)
MR       ++...                  k - +1 pair of boots
Stlth    ..........             (no amulet)
HPRegen  0.00/turn              e - ring of protection from magic
MPRegen  0.12/turn              (no ring)

@: non-regenerating, studying Shields
A: damage resistance, heal wounds, sense surroundings 2, no regeneration
a: Heal Wounds, Minor Destruction, Lesser Servant of Makhleb, Major Destruction,
Greater Servant of Makhleb, Renounce Religion


You were on level 12 of the Dungeon.
You worshipped Makhleb.
Makhleb was extremely pleased with you.
You visited 2 branches of the dungeon, and saw 13 of its levels.
You also visited: Bailey.

You collected 727 gold pieces.

Inventory:

Hand Weapons
 a - a +0 broad axe
 y - a +1 long sword of distortion
 E - the +6 broad axe of Somewhere Else (weapon) {venom, rN+}
   (You acquired it on level 9 of the Dungeon)

   It poisons the flesh of those it strikes.
   It protects you from negative energy.
Missiles
 z - 2 throwing nets (quivered)
Armour
 c - a +0 kite shield (worn)
 f - a +2 crystal plate armour (worn)
 j - a +2 helmet (worn)
 k - a +1 pair of boots (worn)
 K - a +0 cloak (worn)
Jewellery
 e - a ring of protection from magic (left hand)
Wands
 n - a wand of iceblast (20) {@v2}
 s - a wand of polymorph (3)
 u - a wand of paralysis (5)
 J - a wand of acid (3) {@v1}
 M - a wand of digging (12) {@v3}
Scrolls
 b - a scroll of identify {@r1}
 h - 4 scrolls of enchant weapon
 r - a scroll of summoning
 t - a scroll of blinking
 v - 5 scrolls of teleportation {@r3}
 A - 4 scrolls of remove curse {@r2}
 F - a scroll of enchant armour
Potions
 d - a potion of experience {unknown}
 g - a potion of haste {@q4}
 l - a potion of berserk rage {unknown}
 m - a potion of stabbing {unknown}
 o - 3 potions of heal wounds {@q2}
 p - 5 potions of curing {@q1}
 q - 3 potions of flight
 x - 3 potions of lignification {@q7}
 B - 4 potions of magic
 C - a potion of cancellation {unknown}
 G - a potion of resistance {unknown}
 H - a potion of might {@q3}
Books
 i - a manual of Shields
Miscellaneous
 L - a tin of tremorstones (1/3)


   Skills:
 + Level 8.7 Fighting
 * Level 13.4 Axes
 + Level 10.3 Armour
 + Level 12.2 Shields
 + Level 9.9 Invocations
 + Level 4.8 Evocations


You had 11 spell levels left.
You didn't know any spells.
Your spell library was empty.

Dungeon Overview and Level Annotations

Branches:
Dungeon (12/15)            Temple (1/1) D:5            Lair (0/6) D:9
    Orc (0/2) D:12         Bailey (visited)

Altars:
Ashenzari
Cheibriados
Dithmenos
Gozag
Kikubaaqudgha
Makhleb
Nemelex Xobeh
Qazlal
Ru
Sif Muna
Trog
Uskayaw
Wu Jian
Xom
Yredelemnul
Zin
The Shining One

Shops:
D:6 *   D:7 [[   D:12 !

Annotations:
D:3 Grinder
D:9 1 exclusion


Innate Abilities, Weirdness & Mutations

You are resistant to damage.
You can heal yourself by infusing magical energy.
You passively map the area around you.
You do not regenerate.


Message History

A wyvern comes into view.
The wyvern hisses angrily.
There is an open door here.
The wyvern bites you but does no damage.
The ice beast barely misses you.
You hit the wyvern.
The wyvern is poisoned.
The wyvern is lightly wounded.
You hit the ice beast but do no damage. The wyvern barely misses you.
The ice beast hits you. The ice beast freezes you!
You block the wyvern's attack.
You closely miss the wyvern.
The wyvern is lightly wounded.
You closely miss the ice beast. You block the wyvern's attack.
You block the ice beast's attack.
You hit the wyvern.
The wyvern looks as sick as possible!
The wyvern is moderately wounded.
You closely miss the ice beast. You block the wyvern's attack.
You block the ice beast's attack. You block the wyvern's attack.
You completely miss the wyvern.
The wyvern is heavily wounded.
Your shield and crystal plate armour prevent you from hitting the ice beast.
The wyvern barely misses you.
The ice beast hits you but does no damage.
You hit the wyvern but do no damage.
The wyvern looks as sick as possible!
The wyvern is severely wounded.
You slash the ice beast!
The ice beast looks as sick as possible!
The wyvern barely misses you.
The ice beast hits you but does no damage.
A slime creature comes into view.
You slice the wyvern!!
You kill the wyvern!
Makhleb accepts your kill.
You feel better.
You closely miss the ice beast. The ice beast barely misses you.
You slash the ice beast!
You kill the ice beast!
Makhleb accepts your kill. You block the slime creature's attack.
You hit the slime creature.
The slime creature is lightly wounded.
You block the slime creature's attack.
You hit the slime creature.
The slime creature is poisoned.
The slime creature is lightly wounded.
The slime creature hits you but does no damage.
You slash the slime creature!
The slime creature is moderately wounded.
You block the slime creature's attack.
A slime creature comes into view.
You slice the slime creature!!
The slime creature looks as sick as possible!
The slime creature is severely wounded.
The slime creature hits you.
You hit the slime creature.
The slime creature looks as sick as possible!
The slime creature is severely wounded.
Two slime creatures merge to form a large slime creature.
A large slime creature is nearby!
A large slime creature is nearby!
A large slime creature is nearby!
A large slime creature is nearby!
A large slime creature is nearby!
A large slime creature is nearby!
A large slime creature is nearby!
A large slime creature is nearby!
You slash the large slime creature!
The large slime creature looks as sick as possible!
The large slime creature is heavily wounded.
You hit the large slime creature.
The large slime creature looks as sick as possible!
The large slime creature is heavily wounded.
A slime creature comes into view.
You barely miss the large slime creature.
The large slime creature is severely wounded.
You block the large slime creature's attack.
You slash the large slime creature!
The large slime creature is severely wounded.
A slime creature comes into view.
The large slime creature hits you but does no damage.
Two slime creatures merge to form a very large slime creature.
You slash the very large slime creature!
The very large slime creature is heavily wounded.
Your crystal plate armour prevents you from hitting the very large slime creature.
The very large slime creature is heavily wounded.
The very large slime creature barely misses you.
Two slime creatures merge to form an enormous slime creature.
You hit the enormous slime creature.
The enormous slime creature is heavily wounded.
A slime creature comes into view.
You slice the enormous slime creature!!
The enormous slime creature is heavily wounded.
The enormous slime creature hits you!!!
You slash the enormous slime creature!
The enormous slime creature is heavily wounded.
Two slime creatures merge to form a titanic slime creature.
You slice the titanic slime creature!!
The titanic slime creature is heavily wounded.
The titanic slime creature hits you!!!!
Ouch! That really hurt!
You die...

##.##.###..>.....#
#.##8# #....<...#
#.##.# ######.###
##.#..# #.#
#....## #.###
#...## #...#
8...8# #####'#*
#...## #..†..#
#...# ,#.###@#,*
#...## ** ,* #J#
⌠...8# , #.#
#...## , #..,
#...# *### #...##
* ,, ,, * 8...8# *
#...## * ....#


You could see a titanic slime creature (very poisoned).

Vanquished Creatures
  An orc warlord (Bailey)
  A hydra (D:12)
  Fannar (D:10)
  Harold (D:9)
  An unseen horror (shapeshifter) (D:10)
  3 unseen horrors
  Pikel (D:4)
  2 orc knights (Bailey)
  3 ugly things
  Maurice (D:10)
  Psyche (D:9)
  A centaur zombie (D:10)
  Joseph (D:8)
  2 centaur skeletons (D:10)
  2 komodo dragons
  A meliai (D:10)
  3 trolls
  A hornet (D:8)
  A slime creature (D:7)
  4 hippogriffs
  Sigmund (D:4)
  A shadow (D:10)
  A vampire (D:10)
  3 wraiths
  A wyvern (D:12)
  13 yaks
  A vampire mosquito (D:7)
  16 orc warriors
  4 ice beasts
  A sky beast (D:7)
  A swamp drake (D:6)
  3 black bears
  5 phantoms
  An eye of draining (D:12)
  5 ogres
  7 centaurs
  3 crocodiles
  3 lemures (D:4)
  5 bullfrogs
  A wyvern zombie (D:11)
  A water moccasin zombie (D:7)
  A wyvern skeleton (D:7)
  5 scorpions
  24 killer bees
  5 howler monkeys
  3 wights (D:8)
  An electric eel (D:8)
  A quasit (D:8)
  6 hounds
  7 jellies
  10 orc priests
  11 orc wizards
  3 bullfrog skeletons
  An iguana (D:9)
  Ijyb (D:4)
  11 worker ants
  2 hound skeletons
  3 worker ant zombies
  12 gnolls (Bailey)
  A howler monkey skeleton (D:10)
  7 adders
  8 shadow imps
  3 white imps
  2 ufetubi
  2 oozes (D:4)
  2 adder skeletons
  A worm (D:7)
  A dart slug (D:1)
  5 leopard geckos
  44 orcs
  2 bats (D:3)
  4 giant cockroaches
  17 hobgoblins
  10 jackals
  8 kobolds
  6 quokkas
  2 frilled lizards
  18 goblins
  A quokka skeleton (D:10)
360 creatures vanquished.

Vanquished Creatures (collateral kills)
  An orc warrior (Bailey)
1 creature vanquished.

Vanquished Creatures (others)
  5 fungi (D:9)
  10 plants (D:9)
15 creatures vanquished.

Grand Total: 376 creatures vanquished

Notes
Turn   | Place    | Note
-------+----------+-------------------------------------------
     0 | D:1      | EnegeticOcto the Deep Dwarf Fighter began the quest for the
                  | Orb.
     0 | D:1      | Reached XP level 1. HP: 20/20 MP: 1/1
   118 | D:1      | Reached XP level 2. HP: 20/27 MP: 2/2
   266 | D:3      | Reached skill level 3 in Axes
   266 | D:3      | Reached XP level 3. HP: 22/33 MP: 3/3
   314 | D:3      | Noticed Grinder
   318 | D:3      | Paralysed by Grinder for 4 turns
   375 | D:4      | Noticed a phantom
   402 | D:4      | Reached XP level 4. HP: 30/42 MP: 4/4
   467 | D:4      | Killed a phantom
   467 | D:4      | Reached skill level 4 in Axes
   467 | D:4      | Reached XP level 5. HP: 44/49 MP: 5/5
   478 | D:4      | Noticed a lemure
   480 | D:4      | Noticed a lemure
   480 | D:4      | Noticed a lemure
   481 | D:4      | Noticed Pikel
   481 | D:4      | Noticed a lemure
   499 | D:4      | Killed a lemure
   508 | D:4      | Killed a lemure
   513 | D:4      | Killed a lemure
   522 | D:4      | Killed Pikel
   522 | D:4      | Reached skill level 5 in Axes
   522 | D:4      | Reached skill level 5 in Armour
   522 | D:4      | Reached skill level 5 in Shields
   522 | D:4      | Reached XP level 6. HP: 23/57 MP: 4/4
   522 | D:4      | Reached XP level 7. HP: 26/64 MP: 5/5
   568 | D:4      | Noticed Ijyb
   575 | D:4      | Killed Ijyb
   661 | D:4      | Reached skill level 6 in Axes
   711 | D:4      | Noticed Sigmund
   746 | D:4      | Killed Sigmund
   960 | D:5      | Entered Level 5 of the Dungeon
  1144 | D:5      | Reached XP level 8. HP: 39/73 MP: 6/6
  1345 | D:5      | Found a staircase to the Ecumenical Temple.
  1388 | D:5      | Reached skill level 7 in Axes
  1443 | Temple   | Entered the Ecumenical Temple
  1580 | Temple   | Became a worshipper of Makhleb the Destroyer
  1628 | D:5      | Found an opulent altar of Gozag.
  2041 | D:6      | Reached skill level 5 in Fighting
  2041 | D:6      | Reached skill level 1 in Invocations
  2158 | D:6      | Found Uxedghoma's General Store.
  2189 | D:6      | Noticed Maggie
  2194 | D:6      | Noticed Maggie
  2194 | D:6      | Maggie changed into Maggie the swamp drake
  2197 | D:6      | Killed Maggie the swamp drake
  2197 | D:6      | Reached skill level 8 in Axes
  2664 | D:7      | Gained mutation: You passively map the area around you.
                  | [Deep Dwarf growth]
  2664 | D:7      | Reached XP level 9. HP: 34/81 MP: 8/8
  2729 | D:7      | Found a shadowy altar of Dithmenos.
  2784 | D:7      | Found Vemuceja's Antique Armour Boutique.
  2838 | D:7      | Noticed a komodo dragon
  2844 | D:7      | Reached * piety under Makhleb
  2877 | D:7      | Killed a komodo dragon
  2877 | D:7      | Reached skill level 9 in Axes
  3075 | D:7      | Found Ifaurec's Armour Shoppe.
  3172 | D:7      | Found a snail-covered altar of Cheibriados.
  3263 | D:7      | Identified the +3 flail of Classification {freeze, Str+4
                  | Int+4}
  3272 | D:7      | Reached skill level 5 in Invocations
  3591 | D:8      | Noticed a troll
  3592 | D:8      | Reached XP level 10. HP: 54/91 MP: 6/8
  3608 | D:8      | Reached skill level 10 in Axes
  3640 | D:8      | Reached ** piety under Makhleb
  3642 | D:8      | Paralysed by a hornet for 3 turns
  4119 | D:8      | Noticed Joseph
  4146 | D:8      | Killed Joseph
  4327 | D:9      | Noticed Psyche
  4338 | D:9      | Killed Psyche
  4414 | D:9      | Noticed Harold
  4446 | D:9      | Reached skill level 11 in Axes
  4450 | D:9      | Killed Harold
  4452 | D:9      | Reached *** piety under Makhleb
  4508 | D:9      | Found a flagged portal.
  4536 | Bailey   | Entered a bailey
  4573 | Bailey   | Reached XP level 11. HP: 100/100 MP: 10/10
  4707 | Bailey   | Noticed an orc knight
  4710 | Bailey   | Noticed an orc warlord
  4713 | Bailey   | Noticed an orc knight
  4750 | Bailey   | Killed an orc knight
  4755 | Bailey   | Killed an orc knight
  4770 | Bailey   | Killed an orc warlord
  4770 | Bailey   | Reached **** piety under Makhleb
  4770 | Bailey   | Reached skill level 10 in Shields
  4962 | D:9      | Identified a scroll of acquirement
  4962 | D:9      | Acquired the +6 broad axe of Somewhere Else {venom, rN+}
  5018 | D:9      | Found a sacrificial altar of Ru.
  5038 | D:9      | Found a staircase to the Lair.
  5154 | D:9      | Reached skill level 12 in Axes
  5470 | D:10     | Entered Level 10 of the Dungeon
  5599 | D:10     | Noticed Maurice
  5610 | D:10     | Killed Maurice
  5850 | D:11     | Reached ***** piety under Makhleb
  5978 | D:10     | Noticed a red ugly thing
  5988 | D:10     | Killed a red ugly thing
  6004 | D:10     | Reached skill level 1 in Evocations
  6086 | D:10     | Noticed Fannar
  6111 | D:10     | Killed Fannar
  6176 | D:10     | Killed an unseen horror
  6176 | D:10     | Reached XP level 12. HP: 76/110 MP: 10/10
  6630 | D:11     | Reached skill level 13 in Axes
  6662 | D:11     | Reached skill level 10 in Armour
  6844 | D:11     | You fall into a shaft and drop 1 floor!
  6914 | D:12     | Found a stormy altar of Qazlal.
  7021 | D:12     | Found Seklagat's Distillery.
  7091 | D:12     | Noticed a seven-headed hydra
  7100 | D:12     | Killed an 11-headed hydra
  7270 | D:12     | Slain by a titanic slime creature

Illustrated notes

Levels and vault maps discovered:
D:1:      mushboom_english_gardens, layout_basic
D:2:      layout_rooms, elyvilon_altar_5, minmay_misc_feat_x,
          nicolae_qazlal_eye_of_the_storm
D:3:      layout_rooms, uniq_purgy, uniq_grinder
D:4:      layout_cave_pools, minmay_statues_item, uniq_sigmund, uniq_ijyb,
          uniq_pikel
D:5:      layout_loops_ring, minmay_temple_entry_butterflies,
          nicolae_gozag_cash_rules_everything_around_me
D:6:      layout_cave_pods, serial_shops, shop, uniq_maggie
D:7:      minmay_the_grid_triangle_9x9_recursive_2
          [minmay_the_grid_triangle_9x9_prize_schism,
          minmay_the_grid_triangle_9x9_alien,
          minmay_the_grid_triangle_9x9_zippers_horizontal,
          minmay_the_grid_triangle_9x9_cache], layout_rooms,
          nicolae_dithmenos_the_darkroom, cheibrodos_worm_habitat, serial_shops,
          shop, kennysheep_mini_moat, grunt_ministairs_2
D:8:      layout_basic, minmay_manual_mail, uniq_joseph
D:9:      layout_gridville, grunt_lair_entry_orc_guard_hut, enter_bailey_2,
          lemuel_centaur_altar, uniq_psyche, uniq_harold
D:10:     kennysheep_windowed_halls, layout_loops_ring, uniq_maurice,
          uniq_fannar
D:11:     layout_rooms, kennysheep_generic_room_2
D:12:     layout_roguey, minmay_orc_entry_temple_small, basic_altar,
          serial_corexii_hall, corexii_hall_statues_i, corexii_hall_statues_t,
          serial_shops, shop_statue
Temple:   hc_temple_tempest_star

Skill      XL: |  1  2  3  4  5  6  7  8  9 10 11 12 |
---------------+-------------------------------------+-----
Axes           | 3 4 5 6 8 9 11 12 13 | 13.4
Fighting       | 3 4 5 6 7 8 |  8.7
Armour         | 4 5 6 7 8 9 10 | 10.3
Shields        | 4 5 6 7 9 11 12 | 12.2
Invocations    | 3 5 7 8 9 |  9.9
Evocations     | 2 4 |  4.8

Action                   |  1- 3 |  4- 6 |  7- 9 | 10-12 || total
-------------------------+-------+-------+-------+-------++-------
Melee: War axe           |    77 |    76 |   393 |   460 ||  1006
       Unarmed           |     6 |       |       |       ||     6
       Broad axe         |       |       |       |   379 ||   379
Invok: Lesser Servant of |       |       |       |     1 ||     1
 Abil: Heal Wounds       |     2 |     4 |    17 |    10 ||    33
Evoke: Wand              |       |       |     7 |       ||     7
       Tin of tremorston |       |       |       |     2 ||     2
  Use: Scroll            |       |       |    14 |     9 ||    23
       Potion            |       |       |       |     1 ||     1
Armor: Scale mail        |    59 |    38 |    25 |       ||   122
       Chain mail        |       |       |   155 |       ||   155
       Crystal plate arm |       |       |    41 |   643 ||   684
Dodge: Dodged            |    38 |    38 |    66 |    92 ||   234
Block: Kite shield       |    40 |    54 |   208 |   521 ||   823

Table legend: (Time is in decaauts)
 A = Elapsed time spent in this place.
 B = Non-inter-level travel time spent in this place.
 C = Inter-level travel time spent in this place.
 D = Time resting spent in this place.
 E = Time spent auto-exploring this place.
 F = Levels seen in this place.
 G = Mean time per level.
                   A        B        C        D        E       F      G
               +--------+--------+--------+--------+--------+-----+--------+
         Total |   7402 |   6907 |    495 |     12 |   4411 |  14 |  528.7 |
       Dungeon |   6828 |   6374 |    454 |     12 |   4175 |  12 |  569.0 |
        Temple |    158 |    118 |     40 |      0 |    116 |   1 |  158.0 |
        Bailey |    415 |    415 |      0 |      0 |    120 |   1 |  415.0 |
               +--------+--------+--------+--------+--------+-----+--------+

Top non-repeatable levels by time:
    D:10: 989 daAuts
     D:8: 915 daAuts
     D:7: 864 daAuts
     D:6: 804 daAuts
     D:9: 787 daAuts
     D:5: 741 daAuts
     D:4: 653 daAuts
    D:12: 422 daAuts
  Bailey: 415 daAuts
    D:11: 271 daAuts
  Temple: 158 daAuts
     D:1: 152 daAuts
     D:2: 120 daAuts
     D:3: 105 daAuts
